 Dungeon Crawl Stone Soup version 0.27.0-1-g7a089689b8 (webtiles) character file.

Game seed: 11156743580093900109

65 Crownlay the Chopper (level 4, 0/39 HPs)
             Began as a Hill Orc Fighter on Aug 13, 2021.
             Slain by an adder (3 damage)
             ... on level 3 of the Dungeon.
             The game lasted 00:03:17 (1928 turns).

Crownlay the Chopper (Hill Orc Fighter)             Turns: 1928, Time: 00:03:18

Health: 0/39       AC:  6    Str: 19    XL:     4   Next: 13%
Magic:  4/4        EV:  9    Int:  8    God:
Gold:   115        SH:  0    Dex: 10    Spells: 3/3 levels left

rFire    . . .     SeeInvis .   a - +0 war axe
rCold    . . .     Faith    .   (no shield)
rNeg     . . .     Spirit   .   b - +0 scale mail
rPois    .         Reflect  .   (no helmet)
rElec    .         Harm     .   (no cloak)
rCorr    .         Rampage  .   (no gloves)
Will     .....                  (no boots)
Stlth    ..........             (no amulet)
HPRegen  0.13/turn              (no ring)
MPRegen  0.09/turn              (no ring)

@: lethally poisoned (0 -> -7), attractive
A: no striking features
a: no special abilities


You were on level 3 of the Dungeon.
You visited 1 branch of the dungeon, and saw 3 of its levels.

You collected 115 gold pieces.

Inventory:

Hand Weapons
 a - a +0 war axe (weapon)
Armour
 b - a +0 scale mail (worn)
 c - a +0 kite shield
Jewellery
 j - a ring of magical power
Scrolls
 g - 2 scrolls of identify {unknown}
 h - a scroll of blinking {unknown}
 l - a scroll of vulnerability {unknown}
 m - a scroll of fog {unknown}
Potions
 d - a potion of might
 e - a potion of attraction
 f - a potion of ambrosia {unknown}
 i - 3 potions of lignification {unknown}
 k - a potion of degeneration {unknown}


   Skills:
 - Level 3.6 Fighting
 + Level 5.7 Axes
 - Level 3.2 Armour
 - Level 3.2 Shields


You had 3 spell levels left.
You didn't know any spells.
Your spell library was empty.

Dungeon Overview and Level Annotations

Branches:
Dungeon (3/15)

Altars:

Shops:
D:1 *


Message History

You are too injured to fight recklessly!
You are too injured to fight recklessly!
You are too injured to fight recklessly!
You are too injured to fight recklessly!
You are too injured to fight recklessly!
You completely miss the goblin. You hit the adder. The adder barely misses you.
The goblin hits you but does no damage.
You hit the goblin.
The goblin is heavily wounded.
You miss the adder. The adder bites you but does no damage.
The goblin hits you with a +1 dagger of pain.
The adder barely misses you.
You slash the goblin!
You kill the goblin!
You hit the adder. The adder bites you. The adder bites you.
You are poisoned.
The adder poisons you! The adder barely misses you.
You barely miss the adder.
The adder is heavily wounded.
You feel sick. The adder barely misses you.
You closely miss the adder.
The adder is heavily wounded.
You feel sick. The adder bites you.
* * * LOW HITPOINT WARNING * * *
You are more poisoned.
The adder poisons you! The adder closely misses you.
You barely miss the adder.
The adder is heavily wounded.
* * * LOW HITPOINT WARNING * * *
You feel sick. The adder bites you.
* * * LOW HITPOINT WARNING * * *
You are more poisoned.
The adder poisons you!
It was a potion of attraction.
You feel attractive to monsters.
* * * LOW HITPOINT WARNING * * *
You feel very sick. The adder bites you.
You die...

# #. .# #.# ####.#
#.. #....## ###
###...#.##.. .....
......#.##.##.# .#
.###..S@##.#.#
.#####
............#
#.##..
.###.#).....#
#.##.. # #..##†.##
##.....
.....##.#.##
##.###..
##.##.##.##.###.##
#>. #..
#....###...#######
#. #.####
##......... #. #.#
##########


You could see an adder.

Vanquished Creatures
  An adder (D:2)
  A worm (D:2)
  An orc (D:3)
  7 ball pythons
  2 endoplasms (D:1)
  5 goblins
  5 hobgoblins
  5 jackals (D:1)
  6 kobolds
  3 quokkas (D:1)
  3 bats
  2 frilled lizards
  5 rats
46 creatures vanquished.

Notes
Turn   | Place    | Note
-------+----------+-------------------------------------------
     0 | D:1      | Crownlay the Hill Orc Fighter began the quest for the Orb.
     0 | D:1      | Reached XP level 1. HP: 19/19 MP: 1/1
   109 | D:1      | Reached skill level 3 in Axes
   216 | D:1      | Reached XP level 2. HP: 19/26 MP: 2/2
   354 | D:1      | Found Bafuafue's General Store.
   364 | D:1      | Reached skill level 4 in Axes
   574 | D:1      | Reached XP level 3. HP: 31/31 MP: 3/3
   637 | D:1      | Found a faded altar of an unknown god.
   840 | D:2      | Reached skill level 5 in Axes
  1340 | D:2      | Reached XP level 4. HP: 39/39 MP: 4/4
  1928 | D:3      | Slain by an adder

Illustrated notes

Levels and vault maps discovered:
D:1:      minmay_arrival_widening_spiral_wide, layout_basic,
          dreamdust_ecumenical_altar_hidden_monk_grotto, serial_shops, shop,
          st_stairs_8
D:2:      layout_basic, serial_bayou_lagoon_b
D:3:      layout_loops_ring

Skill      XL: |  1  2  3 |
---------------+----------+-----
Axes           | 3 4 5 |  5.7
Fighting       | |  3.6
Armour         | |  3.2
Shields        | |  3.2

Action                   |  1- 3 |  4- 6 || total
-------------------------+-------+-------++-------
Melee: War axe           |    95 |    18 ||   113
  Use: Potion            |       |     1 ||     1
Armor: Scale mail        |    48 |     8 ||    56
Dodge: Dodged            |    40 |    11 ||    51
